 Dungeon Crawl Stone Soup version 0.28-a0-1199-gef9e1dbd39 (webtiles) character file.

Game seed: 13868890627120550354

9456 Gargoyl the Fighter (level 11, -1/89 HPs)
             Began as a Gnoll Abyssal Knight on Dec 19, 2021.
             Was an Elder of Lugonu.
             Slain by a centaur warrior zombie (6 damage)
             ... on level 11 of the Dungeon.
             The game lasted 00:15:22 (15984 turns).

Gargoyl the Fighter (Gnoll Abyssal Knight)         Turns: 15984, Time: 00:15:22

Health: -1/89      AC: 18    Str: 20    XL:     11   Next: 46%
Magic:  20/20      EV: 13    Int: 10    God:    Lugonu [****..]
Gold:   1634       SH: 10    Dex: 15    Spells: 22/22 levels left

rFire   . . .      SeeInvis +   a - +2 hand axe
rCold   . . .      Faith    .   w - +0 kite shield
rNeg    . . .      Spirit   .   c - +0 chain mail
rPois   .          Reflect  .   G - +2 helmet {SInv}
rElec   .          Harm     .   n - +2 cloak
rCorr   .          Rampage  .   g - +0 pair of gloves of Ylujuv {Str+4 Dex+2}
Will    +....                   (no boots)
Stlth   ..........              h - amulet of magic regeneration
HPRegen 0.24/turn               B - ring of willpower
MPRegen 0.57/turn               o - +4 ring of evasion

@: no status effects
A: fangs 1, strong nose, distributed training
a: Renounce Religion, Depart the Abyss, Bend Space, Banish, Corrupt


You were on level 11 of the Dungeon.
You worshipped Lugonu.
Lugonu was greatly pleased with you.
You visited 1 branch of the dungeon, and saw 11 of its levels.
You visited the Abyss 1 time.

You collected 1832 gold pieces.
You spent 198 gold pieces at shops.

Inventory:

Hand Weapons
 a - a +2 hand axe (weapon)
 A - a +3 scimitar
Missiles
 m - 13 poisoned darts (quivered)
 s - a throwing net
Armour
 c - a +0 chain mail (worn)
 g - the +0 pair of gloves of Ylujuv (worn) {Str+4 Dex+2}
   (You found it on level 10 of the Dungeon)

   Str:       It affects your strength (+4).
   Dex:       It affects your dexterity (+2).
 n - a +2 cloak (worn)
 w - a +0 kite shield (worn)
 G - a +2 helmet of see invisible (worn)
Jewellery
 h - an amulet of magic regeneration (around neck)
 j - a ring of resist corrosion
 o - a +4 ring of evasion (right hand)
 y - a ring of protection from fire
 B - a ring of willpower (left hand)
Wands
 b - a wand of paralysis (2)
 e - a wand of iceblast (5)
 p - a wand of mindburst (7)
 r - a wand of flame (10)
 C - a wand of acid (3)
 D - a wand of charming (2)
Scrolls
 E - a scroll of teleportation
 F - a scroll of torment {unknown}
Potions
 d - a potion of mutation
 f - 3 potions of curing
 i - 5 potions of might
 k - a potion of resistance
 l - a potion of lignification
 q - 2 potions of flight
 t - a potion of berserk rage
 u - a potion of brilliance {unknown}
 v - 3 potions of cancellation {unknown}
 z - a potion of magic {unknown}


   Skills:
 + Level 9.2 Fighting
 + Level 6.3 Short Blades
 + Level 6.3 Long Blades
 + Level 7.9 Axes
 + Level 6.3 Maces & Flails
 + Level 6.3 Polearms
 + Level 6.3 Staves
 + Level 6.3 Slings
 + Level 6.3 Bows
 + Level 6.3 Crossbows
 + Level 6.3 Throwing
 + Level 7.9 Armour
 + Level 6.9 Dodging
 + Level 6.3 Stealth
 + Level 6.3 Shields
 + Level 6.3 Unarmed Combat
 + Level 6.3 Spellcasting
 + Level 5.2 Conjurations
 + Level 5.2 Hexes
 + Level 5.2 Summonings
 + Level 5.2 Necromancy
 + Level 5.2 Translocations
 + Level 5.2 Transmutations
 + Level 5.2 Fire Magic
 + Level 5.2 Ice Magic
 + Level 5.2 Air Magic
 + Level 5.2 Earth Magic
 + Level 5.2 Poison Magic
 + Level 8.4 Invocations
 + Level 6.3 Evocations


You had 22 spell levels left.
You didn't know any spells.
Your spell library contained the following spells:

 Spells                   Type           Power      Damage    Failure   Level
 Shock                    Conj/Air       52%        1d6       50%         1
 Sting                    Tmut/Pois      52%        1d5       50%         1
 Poisonous Vapours        Pois/Air       26%        N/A       65%         2
 Scorch                   Fire           26%        2d6       65%         2
 Frozen Ramparts          Ice            26%        1d4       86%         3
 Gell's Gravitas          Tloc           13%        N/A       86%         3
 Lesser Beckoning         Tloc           13%        N/A       86%         3
 Teleport Other           Tloc           13%        N/A       86%         3
 Flame Wave               Conj/Fire      13%        2d5       99%         4
 Ice Form                 Ice/Tmut       13%        N/A       99%         4
 Olgreb's Toxic Radiance  Pois           13%        N/A       99%         4
 Summon Ice Beast         Ice/Summ       13%        N/A       99%         4
 Summon Cactus Giant      Summ           6%         N/A       100%        6


Dungeon Overview and Level Annotations

Branches:
Dungeon (11/15)            Temple (0/1) D:4            Lair (0/6) D:11
    Orc (0/2) D:11

Altars:
Fedhas
Vehumet
Zin
The Shining One

Shops:
D:1 (

Annotations:
Abyss:1 Grum


Innate Abilities, Weirdness & Mutations

You have very sharp teeth.
Your uncanny sense of smell can sniff out nearby items.
Your experience applies equally to all skills.


Message History

The centaur warrior zombie hits you but does no damage.
The centaur warrior zombie misses you. The komodo dragon bites you!!
You block the centaur warrior zombie's attack. x2
Unknown command.
You hit the komodo dragon but do no damage.
The komodo dragon is heavily wounded.
You hit the centaur warrior zombie. The komodo dragon bites you!
You block the centaur warrior zombie's attack.
The centaur warrior zombie closely misses you.
You hit the komodo dragon.
You bite the komodo dragon, but do no damage.
The komodo dragon is severely wounded.
You hit the centaur warrior zombie.
The centaur warrior zombie closely misses you.
The centaur warrior zombie kicks you but does no damage.
You block the komodo dragon's attack. The centaur warrior zombie hits you.
The centaur warrior zombie kicks you but does no damage.
You hit the komodo dragon.
The komodo dragon is severely wounded.
You completely miss the centaur warrior zombie.
The komodo dragon bites you!! The centaur warrior zombie hits you!
* * * LOW HITPOINT WARNING * * *
The centaur warrior zombie kicks you but does no damage.
You hit the komodo dragon but do no damage.
The komodo dragon is severely wounded.
You hit the centaur warrior zombie. The komodo dragon barely misses you.
You block the centaur warrior zombie's attack.
The centaur warrior zombie barely misses you.
The komodo dragon bites you!
* * * LOW HITPOINT WARNING * * *
You hit the komodo dragon but do no damage.
You bite the komodo dragon, but do no damage.
The komodo dragon is severely wounded.
Your shield prevents you from hitting the centaur warrior zombie.
The centaur warrior zombie hits you.
* * * LOW HITPOINT WARNING * * *
The centaur warrior zombie kicks you.
* * * LOW HITPOINT WARNING * * *
The centaur warrior zombie hits you.
You die...

# #.#
#)###......### ###
#.## #####[#
#..#######.#####
### ......### #..#
####.....##
####)).>###..#
##.........# #
#.).......#
#.............
#.####.##.#
#..#######...#
##.## #.##.# #..#
..# ##.#.###.##.#
#..# .#
##.###.##.##.###@.#
. #.##
##........Zl.#
##.###.##.##.###.##
∆ ##<#.###<##.# #.#
##.## #.#... #.#
### #.........
###...##.# ##.....[
####


You could see a komodo dragon and a centaur warrior zombie.

Vanquished Creatures
  A two-headed ogre (D:11)
  Pikel (D:8)
  A cyclops (D:10)
  A komodo dragon (D:11)
  2 trolls
  A slime creature (D:6)
  A meliai zombie (D:11)
  Sigmund (D:5)
  2 shadows (D:11)
  A wyvern (D:9)
  4 water moccasins
  5 orc warriors
  2 ice beasts
  A sky beast (D:7)
  A necrophage (D:4)
  A black bear (D:6)
  2 wolves (D:10)
  4 ogres
  9 centaurs
  2 phantoms
  A lemure (D:8)
  2 kobold brigands
  A gnoll sergeant (D:9)
  7 bullfrogs
  A scorpion (D:7)
  A wyvern zombie (D:7)
  A water moccasin zombie (D:5)
  A water moccasin skeleton (D:5)
  2 troll zombies (D:11)
  2 wights
  A howler monkey (D:5)
  3 bullfrog zombies
  4 orc priests
  3 hounds
  A jelly (D:4)
  A bullfrog skeleton (D:7)
  A centaur skeleton (D:6)
  Crazy Yiuf (D:5)
  An iguana (D:5)
  Ijyb (D:5)
  8 orc wizards
  2 ogre zombies (D:11)
  3 howler monkey zombies
  5 gnolls
  13 adders
  3 shadow imps
  A white imp (D:8)
  An ufetubus (D:6)
  4 worms
  A dart slug (D:4)
  33 orcs
  4 bats (D:1)
  5 endoplasms
  2 giant cockroaches (D:2)
  11 goblins
  8 hobgoblins
  2 quokkas (D:3)
  10 ball pythons
  3 frilled lizards (D:1)
  2 goblin skeletons (D:11)
  2 hobgoblin skeletons (D:11)
  A hobgoblin zombie (D:11)
  19 kobolds
  10 orc zombies (D:11)
  2 rats (D:3)
234 creatures vanquished.

Vanquished Creatures (collateral kills)
  An orc warrior (D:8)
  An orc wizard (D:8)
  An orc (D:4)
3 creatures vanquished.

Vanquished Creatures (others)
  2 fungi (D:1)
  A plant (D:3)
3 creatures vanquished.

Grand Total: 240 creatures vanquished

Notes
Turn   | Place    | Note
-------+----------+-------------------------------------------
     0 | Abyss:1  | Gargoyl the Gnoll Abyssal Knight began the quest for the
                  | Orb.
     0 | Abyss:1  | Reached XP level 1. HP: 23/23 MP: 3/3
    76 | Abyss:1  | Noticed an ancient zyme
   111 | Abyss:1  | Noticed a small abomination
   127 | D:1      | Escaped the Abyss
   424 | D:1      | Reached XP level 2. HP: 23/29 MP: 5/5
   426 | D:1      | Reached * piety under Lugonu
   585 | D:1      | Found a faded altar of an unknown god.
   602 | D:1      | Got Plato's Collected Works on Conjuration
   875 | D:1      | Reached XP level 3. HP: 32/35 MP: 6/6
  1056 | D:1      | Found Ryuphil's Antique Weapon Emporium.
  1188 | D:2      | Reached skill level 1 in Short Blades
  1188 | D:2      | Reached skill level 1 in Long Blades
  1188 | D:2      | Reached skill level 1 in Maces & Flails
  1188 | D:2      | Reached skill level 1 in Polearms
  1188 | D:2      | Reached skill level 1 in Staves
  1188 | D:2      | Reached skill level 1 in Slings
  1188 | D:2      | Reached skill level 1 in Bows
  1188 | D:2      | Reached skill level 1 in Crossbows
  1188 | D:2      | Reached skill level 1 in Throwing
  1188 | D:2      | Reached skill level 1 in Stealth
  1188 | D:2      | Reached skill level 1 in Shields
  1188 | D:2      | Reached skill level 1 in Unarmed Combat
  1188 | D:2      | Reached skill level 1 in Spellcasting
  1188 | D:2      | Reached skill level 1 in Evocations
  1313 | D:2      | Reached XP level 4. HP: 31/41 MP: 7/7
  1609 | D:2      | Reached skill level 1 in Conjurations
  1609 | D:2      | Reached skill level 1 in Hexes
  1609 | D:2      | Reached skill level 1 in Summonings
  1609 | D:2      | Reached skill level 1 in Necromancy
  1609 | D:2      | Reached skill level 1 in Translocations
  1609 | D:2      | Reached skill level 1 in Transmutations
  1609 | D:2      | Reached skill level 1 in Fire Magic
  1609 | D:2      | Reached skill level 1 in Ice Magic
  1609 | D:2      | Reached skill level 1 in Air Magic
  1609 | D:2      | Reached skill level 1 in Earth Magic
  1609 | D:2      | Reached skill level 1 in Poison Magic
  2434 | D:3      | Reached ** piety under Lugonu
  2437 | D:3      | Reached XP level 5. HP: 20/47 MP: 8/8
  2649 | D:3      | Found a radiant altar of Vehumet.
  2649 | D:3      | Found a blossoming altar of Fedhas.
  3119 | D:3      | Noticed an angel
  3120 | D:3      | Found a glowing silver altar of Zin.
  3502 | D:4      | Found a staircase to the Ecumenical Temple.
  3510 | D:4      | Reached skill level 5 in Invocations
  3518 | D:4      | Noticed an ogre
  3526 | D:4      | Killed an ogre
  3527 | D:4      | Reached skill level 5 in Axes
  3527 | D:4      | Reached skill level 5 in Armour
  3527 | D:4      | Reached XP level 6. HP: 53/53 MP: 9/9
  3854 | D:4      | Noticed a necrophage
  3873 | D:4      | Killed a necrophage
  3874 | D:4      | Reached XP level 7. HP: 46/58 MP: 10/10
  4269 | D:4      | Reached skill level 7 in Fighting
  4397 | D:5      | Entered Level 5 of the Dungeon
  4491 | D:5      | Identified a scroll of acquirement
  4491 | D:5      | Acquired 1050 gold pieces
  4647 | D:5      | Found a runed translucent door.
  4648 | D:5      | Noticed Crazy Yiuf
  4794 | D:5      | Reached *** piety under Lugonu
  4902 | D:5      | Noticed Ijyb
  4917 | D:5      | Killed Ijyb
  4918 | D:5      | Reached XP level 8. HP: 27/67 MP: 12/12
  5019 | D:5      | Noticed Sigmund
  5079 | D:5      | Killed Sigmund
  5606 | D:5      | Found a glowing golden altar of the Shining One.
  5722 | D:5      | Killed Crazy Yiuf
  6813 | D:6      | Reached XP level 9. HP: 70/73 MP: 14/14
  7498 | D:7      | Reached skill level 5 in Dodging
  7677 | D:7      | Reached skill level 8 in Fighting
  8527 | D:1      | Bought a masterwork broad axe for 198 gold pieces
  8527 | D:1      | Identified the +5 broad axe "Jompuymo" {freeze, +Blink
                  | Str-3 Dex-4 Stlth+} (You bought it in a shop on level 1 of
                  | the Dungeon)
  8748 | D:7      | Acquired a ring of willpower
  9026 | D:7      | Noticed an eight-headed hydra
  9031 | D:7      | Banished an eight-headed hydra
  9032 | D:7      | Reached XP level 10. HP: 78/80 MP: 8/17
  9121 | D:8      | Reached skill level 5 in Short Blades
  9121 | D:8      | Reached skill level 5 in Long Blades
  9121 | D:8      | Reached skill level 5 in Maces & Flails
  9121 | D:8      | Reached skill level 5 in Polearms
  9121 | D:8      | Reached skill level 5 in Staves
  9121 | D:8      | Reached skill level 5 in Slings
  9121 | D:8      | Reached skill level 5 in Bows
  9121 | D:8      | Reached skill level 5 in Crossbows
  9121 | D:8      | Reached skill level 5 in Throwing
  9121 | D:8      | Reached skill level 5 in Stealth
  9121 | D:8      | Reached skill level 5 in Shields
  9121 | D:8      | Reached skill level 5 in Unarmed Combat
  9121 | D:8      | Reached skill level 5 in Spellcasting
  9121 | D:8      | Reached skill level 5 in Evocations
  9887 | D:8      | Noticed Pikel
  9930 | D:8      | Killed Pikel
 12546 | D:9      | Noticed a four-headed hydra
 12548 | D:9      | Banished a four-headed hydra
 12833 | D:10     | Entered Level 10 of the Dungeon
 13070 | D:10     | Reached **** piety under Lugonu
 13406 | D:10     | Noticed a cyclops
 13423 | D:10     | Killed a cyclops
 13424 | D:10     | Reached XP level 11. HP: 6/87 MP: 19/19
 13774 | D:10     | Identified the +0 pair of gloves of Ylujuv {Str+4 Dex+2}
 13792 | D:10     | Noticed Grum
 13873 | D:10     | Banished Grum
 13877 | D:10     | Reached skill level 9 in Fighting
 14616 | D:11     | Found a staircase to the Lair.
 14624 | D:11     | Reached skill level 5 in Conjurations
 14624 | D:11     | Reached skill level 5 in Hexes
 14624 | D:11     | Reached skill level 5 in Summonings
 14624 | D:11     | Reached skill level 5 in Necromancy
 14624 | D:11     | Reached skill level 5 in Translocations
 14624 | D:11     | Reached skill level 5 in Transmutations
 14624 | D:11     | Reached skill level 5 in Fire Magic
 14624 | D:11     | Reached skill level 5 in Ice Magic
 14624 | D:11     | Reached skill level 5 in Air Magic
 14624 | D:11     | Reached skill level 5 in Earth Magic
 14624 | D:11     | Reached skill level 5 in Poison Magic
 14681 | D:11     | Noticed a two-headed ogre
 14692 | D:11     | Killed a two-headed ogre
 15745 | D:11     | Found a staircase to the Orcish Mines.
 15964 | D:11     | Found the +5 robe of Night {Dark Will+ SInv}
 15984 | D:11     | Slain by a centaur warrior zombie

Illustrated notes

Levels and vault maps discovered:
D:1:      eino_arrival_tree_alley, layout_basic,
          shapermc_ecumenical_altar_rom_forum, serial_shops, shop
D:2:      layout_rooms, hangedman_decor_diamond_cutter,
          small_statue_intersection, minmay_pentomino_pile
D:3:      layout_basic, zin_angel, mainiacjoe_overflow_divided_tiny,
          serial_bayou_pond_a, minmay_misc_feat_columns
D:4:      minmay_general_purpose_star, layout_cave_pods,
          minmay_temple_entry_wispy
D:5:      layout_cave_pools, kennysheep_little_box, kennysheep_small_square,
          uniq_crazy_yiuf_cottage, uniq_ijyb, uniq_sigmund
D:6:      layout_loops_ring
D:7:      minmay_slanted_spiral_squares, layout_loops_ring
D:8:      layout_gridville, uniq_pikel
D:9:      layout_cave_pools, enter_bailey_3, skrybe_limestone_x
D:10:     layout_rooms, uniq_grum
D:11:     layout_loops_ring, lair_entry_dummy, zombieorc1_lemuel,
          hellmonk_guarded_unrand_vitality_bloodlust

Skill      XL: |  1  2  3  4  5  6  7  8  9 10 11 |
---------------+----------------------------------+-----
Short Blades   | 1 2 3 4 5 6 |  6.3
Long Blades    | 1 2 3 4 5 6 |  6.3
Maces & Flails | 1 2 3 4 5 6 |  6.3
Polearms       | 1 2 3 4 5 6 |  6.3
Staves         | 1 2 3 4 5 6 |  6.3
Slings         | 1 2 3 4 5 6 |  6.3
Bows           | 1 2 3 4 5 6 |  6.3
Crossbows      | 1 2 3 4 5 6 |  6.3
Throwing       | 1 2 3 4 5 6 |  6.3
Stealth        | 1 2 3 4 5 6 |  6.3
Shields        | 1 2 3 4 5 6 |  6.3
Unarmed Combat | 1 2 3 4 5 6 |  6.3
Spellcasting   | 1 2 3 4 5 6 |  6.3
Evocations     | 1 2 3 4 5 6 |  6.3
Conjurations   | 1 2 3 4 5 |  5.2
Hexes          | 1 2 3 4 5 |  5.2
Summonings     | 1 2 3 4 5 |  5.2
Necromancy     | 1 2 3 4 5 |  5.2
Translocations | 1 2 3 4 5 |  5.2
Transmutations | 1 2 3 4 5 |  5.2
Fire Magic     | 1 2 3 4 5 |  5.2
Ice Magic      | 1 2 3 4 5 |  5.2
Air Magic      | 1 2 3 4 5 |  5.2
Earth Magic    | 1 2 3 4 5 |  5.2
Poison Magic   | 1 2 3 4 5 |  5.2
Dodging        | 3 4 5 6 |  6.9
Invocations    | 5 6 7 8 |  8.4
Axes           | 5 6 7 |  7.9
Armour         | 5 6 7 |  7.9
Fighting       | 7 8 9 |  9.2

Action                   |  1- 3 |  4- 6 |  7- 9 | 10-12 || total
-------------------------+-------+-------+-------+-------++-------
Melee: Hand axe          |    95 |   213 |   431 |   560 ||  1299
       Bite              |     4 |    24 |    48 |    84 ||   160
Throw: Dart              |       |       |    20 |    24 ||    44
Invok: Depart the Abyss  |     1 |       |       |       ||     1
       Banish            |       |       |     3 |     2 ||     5
       Bend Space        |       |       |     1 |       ||     1
  Use: Scroll            |     1 |     6 |    11 |     7 ||    25
       Potion            |       |     1 |       |     5 ||     6
Armor: Chain mail        |    68 |   140 |   228 |   337 ||   773
       Skin              |       |       |     3 |       ||     3
Dodge: Dodged            |    33 |   100 |   193 |   415 ||   741
Block: Buckler           |       |       |    18 |       ||    18
       Kite shield       |       |       |   156 |   433 ||   589

Table legend: (Time is in decaauts)
 A = Elapsed time spent in this place.
 B = Non-inter-level travel time spent in this place.
 C = Inter-level travel time spent in this place.
 D = Time resting spent in this place.
 E = Time spent auto-exploring this place.
 F = Levels seen in this place.
 G = Mean time per level.
                   A        B        C        D        E       F      G
               +--------+--------+--------+--------+--------+-----+--------+
         Total |  16154 |  15697 |    457 |   3190 |   9530 |  12 | 1346.2 |
       Dungeon |  16027 |  15570 |    457 |   3190 |   9474 |  11 | 1457.0 |
         Abyss |    127 |    127 |      0 |      0 |     56 |   1 |  127.0 |
               +--------+--------+--------+--------+--------+-----+--------+

Top non-repeatable levels by time:
     D:8: 2798 daAuts
     D:5: 1856 daAuts
    D:10: 1786 daAuts
     D:6: 1498 daAuts
    D:11: 1390 daAuts
     D:7: 1315 daAuts
     D:3: 1219 daAuts
     D:4: 1192 daAuts
     D:2: 1026 daAuts
     D:9: 972 daAuts
     D:1: 970 daAuts
 Abyss:1: 127 daAuts
